 Dungeon Crawl Stone Soup version 0.29-a0-362-g5854e031c7 (webtiles) character file.

Game seed: 11694209385528148874

65 spaghetti the Caller (level 4, -2/30 HPs)
             Began as a Barachi Summoner on Apr 30, 2022.
             Slain by a goblin
             ... wielding a +0 club
             ... led by Robin
              (5 damage)
             ... on level 2 of the Dungeon.
             The game lasted 00:03:14 (1315 turns).

spaghetti the Caller (Barachi Summoner)             Turns: 1315, Time: 00:03:15

Health: -2/30      AC:  2    Str:  9    XL:     4   Next: 14%
Magic:  0/7        EV: 12    Int: 17    God:
Gold:   75         SH:  0    Dex: 13    Spells: 1/7 levels left

rFire   . . .      SeeInvis .   m - +2 hunting sling (vorpal) {sling}
rCold   . . .      Faith    .   (no shield)
rNeg    . . .      Spirit   .   a - +0 robe
rPois   .          Reflect  .   (no helmet)
rElec   .          Harm     .   (no cloak)
rCorr   .          Rampage  .   (no gloves)
Will    .....                   (no boots)
Stlth   ++........              (no amulet)
HPRegen 0.10/turn               (no ring)
MPRegen 0.10/turn               (no ring)

@: mighty, hasted, very quick
A: amphibious, slowness 1, strong legs 1, +LOS
a: Hop


You were on level 2 of the Dungeon.
You visited 1 branch of the dungeon, and saw 2 of its levels.

You collected 75 gold pieces.


Innate Abilities, Weirdness & Mutations

You are amphibious.
You cover ground slowly.
You can hop short distances.
You have an extended range of vision and can be seen from far away.


   Skills:
 - Level 2.1 Dodging
 - Level 1.7 Stealth
 - Level 2.1 Spellcasting
 + Level 6.7 Summonings


You had one spell level left.
You knew the following spells:

 Your Spells              Type           Power      Damage    Failure   Level
a - Summon Small Mammal   Summ           96%        N/A       1%          1
b - Call Imp              Summ           24%        N/A       1%          2
c - Call Canine Familiar  Summ           24%        N/A       3%          3

Your spell library contained the following spells:

 Spells                   Type           Power      Damage    Failure   Level
 Summon Guardian Golem    Hex/Summ       13%        N/A       14%         3
 Summon Lightning Spire   Summ/Air       13%        N/A       43%         4

Inventory:

Hand Weapons
 b - a +0 dagger of protection {short}
   (You took it off Jessica on level 2 of the Dungeon)
 c - a +0 dagger {short}
   (You took it off a kobold on level 1 of the Dungeon)
 e - a +0 club {mace}
   (You took it off a kobold on level 1 of the Dungeon)
 m - a +2 vorpal hunting sling (weapon) {sling}
   (You found it on level 1 of the Dungeon)
Missiles
 f - 23 stones {throwing}
Armour
 a - a +0 robe (worn)
Scrolls
 d - 2 scrolls of summoning {unknown}
 g - 2 scrolls of noise {unknown}
 h - a scroll of identify {unknown}
 j - 2 scrolls of amnesia {unknown}
 l - a scroll of teleportation {unknown}
 n - a scroll of magic mapping {unknown}
Potions
 o - a potion of magic

Dungeon Overview and Level Annotations

Branches:
Dungeon (2/15)

Altars:

Annotations:
D:2 Robin

..........
...###### #...####
###....###### ###
###.......###>#
#....#......##
#......#.##..#
#..≈≈≈...###g##
####.≈........@5#
#....≈≈≈.#####))##
#...##.....# ##..#
..# ###.≈## #rh# .
##.# #gb.. # #.#
#†.##.. #.# #...
..# #.. #g... .#
### $.... #


You could see Robin (ally target), 2 goblins, a friendly hound (summoned), a
friendly white imp (summoned), a friendly bat (summoned) and a friendly rat
(summoned).


Message History

Your crimson imp blinks!
The goblin hits your hound but does no damage.
A goblin comes into view. It is wielding a +0 club.
Your hound closely misses the goblin.
Your hound barely misses the goblin.
Robin throws the goblin at you! The goblin misses you.
The goblin barely misses your hound. 😕 HP[-2] MP[+1]
You take 2 damage, and now have 28/30 hp.
Unknown command.
Casting: Call Canine Familiar (dangerous; 3% risk of failure)
Confirm with . or Enter, or press ? or * to list all spells.
A beastly little devil appears in a puff of frigid air.
Your hound bites the goblin.
The goblin dies!
The goblin hits you with a +0 club. 😕 HP[-3] MP[-2]
You take 3 damage, and now have 25/30 hp.
You lost 2 mp, and now have 2/7 mp.
Unknown command.
Casting: Call Imp (safe; 1% risk of failure)
Confirm with . or Enter, or press ? or * to list all spells.
Your hound bites the goblin.
The goblin dies!
The goblin barely misses you.
A goblin comes into view. It is wielding a +0 dagger.
The ball python misses your hound. The ball python grabs your hound.
The ball python constricts your hound.
Your white imp closely misses the goblin. 😕 MP[-1]
You lost 1 mp, and now have 1/7 mp.
Casting: Summon Small Mammal (safe; 1% risk of failure)
Confirm with . or Enter, or press ? or * to list all spells.
Your bat barely misses the goblin.
Your hound struggles to escape constriction.
A goblin comes into view. It is wielding a +0 club.
The ball python bites your hound. The ball python constricts your hound.
The goblin hits you with a +0 club.
Your white imp closely misses the goblin.
Your hound struggles to escape constriction. 😮 HP[-6] MP[-1]
You take 6 damage, and now have 19/30 hp.
You lost 1 mp, and now have 0/7 mp.
Unknown command.
Really attack while wielding your +2 vorpal hunting sling {sling}?
Okay, then.
Fire: m) +2 hunting sling (vorpal) {sling}
Press: ? - help, Q - select action, (/) - cycle Shift-Dir - straight line, f - goblin
Aim: a goblin, wielding a +0 club (strong, ally target, 47% to hit)
You shoot a sling bullet.
The sling bullet barely misses the goblin.
Your bat misses the goblin.
Your hound escapes!
Robin throws the goblin at you! The goblin hits you with a +0 club. x2
Your bat barely misses the goblin.
Your rat barely misses the hobgoblin.
Your white imp gestures at the goblin.
The puff of frost hits the goblin!
The goblin dies!
Your hound bites the ball python.
The ball python misses your hound. The ball python grabs your hound.
The ball python constricts your hound. 😮 HP[-3]
You take 3 damage, and now have 16/30 hp.
It was a potion of might.
You feel very mighty all of a sudden.
Your bat closely misses the hobgoblin.
Your hound bites the ball python.
The ball python dies!
Robin throws the goblin at you!
* * * LOW HITPOINT WARNING * * *
A goblin comes into view. It is wielding a +0 dagger.
The goblin hits you with a +0 club.
* * * LOW HITPOINT WARNING * * *
The goblin hits you but does no damage. The hobgoblin hits you.
* * * LOW HITPOINT WARNING * * *
Your bat hits the hobgoblin but does no damage.
Your rat closely misses the hobgoblin.
Your white imp closely misses the goblin. 😱 HP[-13]
You take 13 damage, and now have 3/30 hp.
MASSIVE DAMAGE!! (PAUSE)
Okay, then.
It was a potion of haste.
You feel yourself speed up.
Your bat hits the hobgoblin but does no damage.
Your bat closely misses the goblin.
The goblin closely misses you. The goblin barely misses you.
The hobgoblin barely misses you.
Your rat bites the hobgoblin.
Your bat hits the hobgoblin but does no damage.
Your white imp hits the goblin.
The goblin dies!
Your hound bites the hobgoblin.
The hobgoblin dies!
Your bat hits the goblin.
Your white imp closely misses the goblin.
You see here a +0 club {mace}.
Fire: m) +2 hunting sling (vorpal) {sling}
Press: ? - help, Q - select action, (/) - cycle Shift-Dir - straight line, f - goblin
Aim: a goblin, wielding a +0 dagger (moderately wounded, strong, ally target, 47% to hit)
You shoot a sling bullet. The sling bullet hits the goblin!
You kill the goblin!
Your bat hits Robin. Robin throws the goblin at you!
The goblin hits you with a +0 club.
You die...

Skill      XL: |  1  2 |
---------------+-------+-----
Summonings     | 5 6 |  6.7
Dodging        | |  2.1
Stealth        | |  1.7
Spellcasting   | |  2.1

Action                   |  1- 3 |  4- 6 || total
-------------------------+-------+-------++-------
Melee: Unarmed           |    19 |       ||    19
 Fire: Hunting sling     |    21 |     2 ||    23
 Cast: Summon Small Mamm |    22 |     2 ||    24
       Call Imp          |     7 |     1 ||     8
       Call Canine Famil |     1 |       ||     1
  Use: Potion            |     1 |     2 ||     3
Armor: Robe              |     2 |     2 ||     4
Dodge: Dodged            |    18 |     5 ||    23

Levels and vault maps discovered:
D:1:      nzn_arrival_settlement, layout_rooms, bh_walls_and_bars
D:2:      layout_rooms, serial_rivers, chequers_serial_rivers_small_b,
          chequers_serial_rivers_micro_c, chequers_serial_rivers_small_3,
          chequers_serial_rivers_micro_c, chequers_serial_rivers_micro_c,
          chequers_ecumenical_altar_simple_redux, uniq_robin, uniq_jessica

Notes
Turn   | Place    | Note
-------+----------+-------------------------------------------
     0 | D:1      | spaghetti the Barachi Summoner began the quest for the Orb.
     0 | D:1      | Reached XP level 1. HP: 13/13 MP: 3/3
     0 | D:1      | magus.rc [v1.9.6]
   112 | D:1      | Reached skill level 5 in Summonings
   300 | D:1      | Reached XP level 2. HP: 17/19 MP: 1/5
   375 | D:1      | Learned a level 2 spell: Call Imp
  1179 | D:2      | Reached skill level 6 in Summonings
  1179 | D:2      | Reached XP level 3. HP: 24/24 MP: 6/6
  1218 | D:2      | Noticed Jessica
  1222 | D:2      | Killed Jessica
  1299 | D:2      | Learned a level 3 spell: Call Canine Familiar
  1304 | D:2      | Reached XP level 4. HP: 30/30 MP: 3/7
  1305 | D:2      | Noticed Robin
  1312 | D:2      | HP: 3/30 [hobgoblin[Robin] (5)]
  1315 | D:2      | Slain by a goblin

Vanquished Creatures
  Jessica (D:2)
  A worm (D:2)
  2 dart slugs
  2 giant cockroaches (D:1)
  A goblin (D:2)
  A hobgoblin (D:1)
  A bat (D:2)
  A kobold (D:1)
  2 rats
12 creatures vanquished.

Vanquished Creatures (collateral kills)
  2 giant cockroaches
  5 goblins
  3 hobgoblins
  A quokka (D:1)
  3 ball pythons
  A bat (D:1)
  A frilled lizard (D:1)
  A kobold (D:1)
  4 rats (D:1)
21 creatures vanquished.

Grand Total: 33 creatures vanquished

Table legend:
 A = Non-vault XP
 B = Vault XP
 C = Vault XP percentage of total XP
 D = Non-vault monster count
 E = Vault monster count
 F = Vault count percentage of total count
                 A         B        C        D         E       F
            +---------+---------+-------+---------+---------+-------
      Total |      47 |      49 |  51.0 |      26 |       7 |  21.2
            +---------+---------+-------+---------+---------+-------
        D:1 |      32 |       0 |   0.0 |      20 |       0 |   0.0
        D:2 |      15 |      49 |  76.6 |       6 |       7 |  53.8
            +---------+---------+-------+---------+---------+-------

Illustrated notes

Table legend:
 A = Kills in this place as a percentage of kills in entire the game.
 B = Kills by you in this place as a percentage of kills by you in the entire game.
 C = Kills by friends in this place as a percentage of kills by friends in the entire game.
 D = Other kills in this place as a percentage of other kills in the entire game.
 E = Experience gained in this place as a percentage of experience gained in the entire game.
 F = Experience gained in this place divided by the number of levels of this place that you have seen.
                   A       B       C       D       E      F
               +-------+-------+-------+-------+-------+----------------------
         Total | 100.0 | 100.0 | 100.0 |   N/A | 100.0 |  48.0
       Dungeon | 100.0 | 100.0 | 100.0 |   N/A | 100.0 |  48.0
               +-------+-------+-------+-------+-------+----------------------

Table legend: (Time is in decaauts)
 A = Elapsed time spent in this place.
 B = Non-inter-level travel time spent in this place.
 C = Inter-level travel time spent in this place.
 D = Time resting spent in this place.
 E = Time spent auto-exploring this place.
 F = Levels seen in this place.
 G = Mean time per level.
                   A        B        C        D        E       F      G
               +--------+--------+--------+--------+--------+-----+--------+
         Total |   1424 |   1403 |     21 |    244 |    937 |   2 |  712.0 |
       Dungeon |   1424 |   1403 |     21 |    244 |    937 |   2 |  712.0 |
               +--------+--------+--------+--------+--------+-----+--------+

Top non-repeatable levels by time:
     D:1: 1255 daAuts
     D:2: 169 daAuts
